 Dungeon Crawl Stone Soup version 0.21.1-1-g345015f (webtiles) character file.

1283 Mirai the Chopper (level 8, -7/62 HPs)
             Began as a Demonspawn Berserker on Mar 2, 2018.
             Was an Elder of Trog.
             Mangled by an orc warrior
             ... wielding a +0 dire flail
              (12 damage)
             ... on level 6 of the Dungeon.
             The game lasted 00:12:45 (3569 turns).

Mirai the Chopper (Demonspawn Berserker)            Turns: 3569, Time: 00:12:46

Health: -7/62      AC:  7    Str: 17 (19) XL:     8   Next: 29%
Magic:  8/8        EV: 15    Int:  3 (6)  God:    Trog [****..]
Gold:   288        SH:  0    Dex: 12 (14) Spells: 7/7 levels left

rFire    . . .     SeeInvis .   t - +1 hand axe
rCold    . . .     Gourm    .   (no shield)
rNeg     . . .     Faith    .   v - +0 ring mail (curse)
rPois    .         Spirit   .   (no helmet)
rElec    .         Reflect  .   (no cloak)
rCorr    .         Harm     .   e - +0 pair of gloves
MR       +....                  (boots unavailable)
Stlth    +.........             (no amulet)
HPRegen  0.20/turn              d - -2 ring of intelligence (curse)
MPRegen  0.11/turn              A - ring of protection from magic

@: berserk cooldown, slowed, very slow
A: talons 3, repulsion field 2, powered by death 1
a: Berserk, Trog's Hand, Brothers in Arms, Burn Spellbooks, Renounce Religion


You were on level 6 of the Dungeon.
You worshipped Trog.
Trog was greatly pleased with you.
You were near starving.

You visited 1 branch of the dungeon, and saw 6 of its levels.

You collected 288 gold pieces.

Inventory:

Hand Weapons
 t - a +1 hand axe (weapon)
Armour
 a - a +0 leather armour
 b - a +0 chain mail
 e - a +0 pair of gloves (worn)
 g - a +0 robe
 h - a +0 chain mail
 u - a +0 robe
 v - a cursed +0 ring mail (worn)
 w - a +0 scale mail
Jewellery
 d - a cursed -2 ring of intelligence (left hand)
 p - an uncursed ring of see invisible
 q - an uncursed ring of magical power
 r - an uncursed ring of resist corrosion
 A - a ring of protection from magic (right hand)
Wands
 o - a wand of acid (5)
Scrolls
 f - a scroll of teleportation
 j - 4 scrolls of identify
Potions
 i - 5 potions of curing {unknown}
 k - a potion of degeneration
 l - a potion of agility {unknown}
 m - 4 potions of heal wounds {unknown}
 n - a potion of flight {unknown}
 x - a potion of haste {unknown}
 z - a potion of invisibility {unknown}
 C - a potion of cancellation {unknown}
 D - a potion of mutation {unknown}
Comestibles
 c - 11 rations


   Skills:
 + Level 5.2 Fighting
 + Level 7.1 Axes
 + Level 4.5 Armour
 + Level 3.2 Dodging


You had 7 spell levels left.
You didn't know any spells.

Dungeon Overview and Level Annotations

Branches:
Dungeon (6/15)
 Temple: D:4-7

Altars:
Okawaru
Qazlal
Yredelemnul


Innate Abilities, Weirdness & Mutations

You have claws for feet.
You are surrounded by a moderate repulsion field. (EV +3)
You regenerate a little health from kills.


Message History

The orc misses you.
You barely miss the orc warrior. Your kick misses the orc warrior.
You closely miss the orc. The orc warrior misses you.
The orc hits you but does no damage. The orc warrior barely misses you.
You hit the orc warrior but do no damage.
Your kick misses the orc warrior. You hit the orc but do no damage.
The orc wizard mumbles some strange words.
The orc wizard flickers and vanishes!
Deactivating autopickup; reactivate with Ctrl-A.
The orc warrior hits you with a dire flail!!
* * * LOW HITPOINT WARNING * * *
You hear some strange, mumbled words.
The orc completely misses you.
Okay, then.
Okay, then.
It was a potion of degeneration.
There was something very wrong with that liquid.
You feel weakened.
You feel dopey.
You feel clumsy.
The orc warrior hits you with a dire flail!
You die...

##.#...........
#.............#
...#..........#
..............#.
.......$.$.$.$.$
..(...........#
......)o......#
......o@.....#
......#†)...##
.........#######
.....###.......####.
.......
#######........ ##..
... ......#......##
#.. ## #..........#
#####.##
###......#..
.......#
#####.......# #


You could see an orc warrior and an orc.

Vanquished Creatures
  2 ice beasts
  A sky beast (D:5)
  2 bullfrogs
  A scorpion (D:4)
  4 crimson imps
  A jelly (D:5)
  3 orc priests
  5 orc wizards (D:5)
  Jessica (D:3)
  4 worker ants
  An iguana (D:5)
  A hound skeleton (D:4)
  7 gnolls
  6 adders
  A shadow imp (D:5)
  3 oozes
  An adder zombie (D:5)
  5 worms
  4 leopard geckos
  19 orcs
  A ball python (D:3)
  A giant cockroach (D:1)
  3 goblins
  3 hobgoblins
  14 jackals
  5 kobolds
  2 quokkas
  13 bats
  10 frilled lizards
  7 rats
  A spectral orc (D:2)
132 creatures vanquished.

Notes
Turn   | Place    | Note
-------+----------+-------------------------------------------
     0 | D:1      | Mirai the Demonspawn Berserker began the quest for the Orb.
     0 | D:1      | Reached XP level 1. HP: 18/18 MP: 1/1
   288 | D:1      | Gained mutation: You regenerate a little health from kills. [demonic ancestry]
   288 | D:1      | Reached XP level 2. HP: 24/24 MP: 2/2
   513 | D:1      | Reached skill level 3 in Axes
   773 | D:2      | Gained mutation: You are surrounded by a mild repulsion field. (EV +2) [demonic ancestry]
   773 | D:2      | Reached XP level 3. HP: 29/29 MP: 3/3
   791 | D:2      | Reached ** piety under Trog
   912 | D:2      | Gained mutation: You have sharp toenails. [demonic ancestry]
   912 | D:2      | Reached XP level 4. HP: 31/37 MP: 4/4
   995 | D:2      | Found a basalt altar of Yredelemnul.
  1148 | D:2      | Noticed a bullfrog
  1156 | D:2      | Killed a bullfrog
  1156 | D:2      | Reached skill level 4 in Axes
  1156 | D:2      | Gained mutation: You have razor-sharp toenails. [demonic ancestry]
  1156 | D:2      | Reached XP level 5. HP: 24/42 MP: 5/5
  1381 | D:3      | Noticed Jessica
  1412 | D:3      | Killed Jessica
  1501 | D:3      | Reached *** piety under Trog
  1504 | D:3      | Reached XP level 6. HP: 48/48 MP: 6/6
  1702 | D:3      | Found a stormy altar of Qazlal.
  1908 | D:4      | Noticed an ice beast
  1921 | D:4      | Killed an ice beast
  1921 | D:4      | Reached skill level 5 in Axes
  2349 | D:4      | Gained mutation: You have claws for feet. [demonic ancestry]
  2349 | D:4      | Reached XP level 7. HP: 49/55 MP: 7/7
  2637 | D:5      | Entered Level 5 of the Dungeon
  2856 | D:5      | Reached **** piety under Trog
  2882 | D:5      | Found an iron altar of Okawaru.
  2912 | D:5      | Reached skill level 6 in Axes
  3236 | D:5      | Reached skill level 5 in Fighting
  3236 | D:5      | Gained mutation: You are surrounded by a moderate repulsion field. (EV +3) [demonic ancestry]
  3236 | D:5      | Reached XP level 8. HP: 62/62 MP: 8/8
  3556 | D:6      | Reached skill level 7 in Axes
  3569 | D:6      | Mangled by an orc warrior

Skill      XL: |  1  2  3  4  5  6  7  8 |
---------------+-------------------------+-----
Dodging        | 2 3 |  3.2
Axes           | 3 4 5 6 7 |  7.1
Armour         | 2 3 4 |  4.5
Fighting       | 4 5 |  5.2

Action                   |  1- 3 |  4- 6 |  7- 9 || total
-------------------------+-------+-------+-------++-------
Melee: Hand axe          |    91 |   145 |   140 ||   376
       Kick              |       |    54 |    41 ||    95
Invok: Berserk           |       |     3 |     4 ||     7
  Use: Scroll            |       |     3 |     5 ||     8
       Potion            |       |       |     1 ||     1
  Eat: Chunk             |       |     7 |     7 ||    14
Armor: Chain mail        |    55 |    72 |    50 ||   177
       Animal skin       |     5 |       |       ||     5
       Ring mail         |       |       |    11 ||    11
Dodge: Dodged            |    49 |    74 |    70 ||   193
